Map: Lerilak Crest

Players

Grumm - Winner!

  • Race: Protoss Protoss
  • League: Gold

Dentinho

  • Race: Protoss Protoss

VOD

Have the link to the VOD?

Description

Time

  • Played on: Feb. 4, 2016, 4:54 p.m.
  • Length: 11:50
Show
View Real Time Build Order
Export as new Build Order

Grumm Protoss - Winner!

Build Orders:  

Get SALT Encoding   

  12  0:01  Probe (Chrono Boost)  
  13  0:11  Probe (Chrono Boost)  
  14  0:21  Pylon  
  14  0:22  Probe (Chrono Boost)  
  15  0:35  Assimilator  
  15  0:40  Probe (Chrono Boost)  
  16  0:43  Gateway  
  16  0:50  Probe (Chrono Boost)  
  17  1:01  Probe (Chrono Boost)  
  18  1:11  Probe (Chrono Boost)  
  18  1:12  Gateway  
  19  1:22  Probe (Chrono Boost)  
  20  1:28  Assimilator  
  20  1:32  Cybernetics Core, Probe (Chrono Boost)  
  21  1:42  Pylon  
  21  1:45  Probe (Chrono Boost)  
  22  2:06  Gateway  
  22  2:11  Forge  
  22  2:13  Stalker x2  
  25  2:22  Pylon  
  25  2:45  Photon Cannon  
  25  2:47  Photon Cannon  
  25  3:05  Photon Cannon  
  25  3:19  Zealot  
  23  3:26  Photon Cannon  
  23  3:28  Cybernetics Core  
  23  3:33  Photon Cannon  
  22  3:59  Pylon  
  22  4:09  Stargate  
  22  4:21  Photon Cannon  
  22  4:24  Photon Cannon  
  22  4:30  Gateway  
  22  4:37  Mothership Core (Chrono Boost)  
  24  4:48  Warp Gate  
  24  5:05  Void Ray (Chrono Boost)  
  28  5:21  Stalker  
  28  5:57  Nexus  
  28  6:54  Pylon  
  28  7:15  Void Ray (Chrono Boost)  
  32  7:19  Stalker  
  32  7:22  Probe  
  35  7:42  Stargate  
  38  8:16  Oracle (Chrono Boost)  
  38  8:17  Stalker  
  40  8:27  Probe  
  45  8:38  Probe  
  45  8:40  Void Ray (Chrono Boost)  
  46  8:57  Pylon  
  46  9:01  Pylon  
  54  9:47  Void Ray x2 (Chrono Boost)  
  58  10:30  Void Ray (Chrono Boost)  
  62  11:02  Void Ray (Chrono Boost)  
  62  11:04  Photon Cannon  
  62  11:16  Robotics Facility  
Show
View Real Time Build Order
Export as new Build Order

Dentinho Protoss 

Build Orders: Cannon Rush 

Get SALT Encoding   

  12  0:02  Probe (Chrono Boost)  
  13  0:16  Pylon  
  13  0:19  Probe (Chrono Boost)  
  14  0:37  Forge  
  14  0:41  Probe (Chrono Boost)  
  15  0:51  Probe (Chrono Boost)  
  16  1:14  Pylon  
  16  1:26  Pylon  
  16  1:36  Photon Cannon x2  
  15  1:49  Photon Cannon  
  15  1:51  Photon Cannon  
  15  1:55  Probe (Chrono Boost)  
  16  2:06  Probe (Chrono Boost)  
  17  2:14  Pylon  
  17  2:15  Pylon  
  17  2:16  Probe (Chrono Boost)  
  18  2:38  Photon Cannon x2  
  18  2:49  Photon Cannon  
  17  3:48  Photon Cannon  
  17  3:49  Photon Cannon  
  17  3:53  Pylon  
  17  3:57  Photon Cannon  
  17  4:05  Photon Cannon  
  17  4:17  Photon Cannon  
  17  4:19  Photon Cannon  
  17  4:21  Photon Cannon  
  17  4:23  Photon Cannon  
  17  4:29  Photon Cannon  
  17  4:30  Photon Cannon  
  17  4:47  Pylon  
  17  5:19  Nexus  
  17  5:29  Probe (Chrono Boost)  
  18  5:39  Probe (Chrono Boost)  
  19  5:50  Probe (Chrono Boost)  
  20  6:00  Probe (Chrono Boost), Gateway  
  21  6:11  Probe (Chrono Boost)  
  22  6:14  Photon Cannon  
  22  6:23  Photon Cannon  
  22  6:30  Photon Cannon  
  22  6:33  Photon Cannon  
  22  6:46  Probe (Chrono Boost)  
  22  6:56  Assimilator, Probe (Chrono Boost)  
  22  7:00  Assimilator  
  23  7:04  Assimilator, Cybernetics Core  
  23  7:07  Probe (Chrono Boost)  
  24  7:09  Assimilator  
  24  7:17  Probe (Chrono Boost)  
  25  7:28  Probe (Chrono Boost)  
  26  7:33  Probe (Chrono Boost)  
  27  7:38  Probe (Chrono Boost)  
  27  7:43  Probe (Chrono Boost)  
  29  7:49  Probe (Chrono Boost)  
  30  7:54  Probe (Chrono Boost)  
  31  7:58  Probe (Chrono Boost)  
  31  8:04  Probe  
  33  8:08  Probe  
  33  8:09  Pylon  
  33  8:11  Pylon  
  34  8:14  Gateway  
  34  8:16  Probe  
  34  8:17  Gateway  
  34  8:19  Gateway, Probe  
  35  8:22  Gateway  
  35  8:26  Gateway  
  36  8:29  Probe x2  
  38  8:40  Probe  
  38  8:41  Probe  
  40  8:50  Probe  
  41  9:01  Probe  
  42  9:11  Probe  
  43  9:29  Zealot x2  
  43  9:30  Zealot x2  
  43  9:31  Zealot x2  
  21  9:53  Nexus  
  21  9:56  Zealot  
  20  10:22  Nexus  
  19  10:42  Probe  
  20  10:52  Probe  
Tags
 
League
Gold
Matchup
PvP
Replay Pack
sc2 replays 2016
Add a new tag
Caveats
  • Supply blocks, unpowered buildings, or Contaminate may cause inaccurate times.
  • Supply counts are checked every 10 seconds.